 Dungeon Crawl Stone Soup version 0.30-a0-862-g1aabd4f9c5 (webtiles) character file.

Game seed: 16118955127668080871

182 IdlyInterested the Slasher (level 5, -3/38 HPs)
             Began as a Demonspawn Gladiator on Mar 9, 2023.
             Killed by divine providence
             ... invoked by an orc priest
              (15 damage)
             ... on level 3 of the Dungeon.
             The game lasted 00:07:22 (2423 turns).

IdlyInterested the Slasher (Demonspawn Gladiator)   Turns: 2423, Time: 00:07:22

Health: -3/38      AC: 13    Str: 14    XL:     5   Next: 34%
Magic:  5/5        EV: 10    Int: 10    God:
Gold:   264        SH:  0    Dex: 16    Spells: 4/4 levels left

rFire   . . .      SeeInvis .    a - +0 long sword
rCold   . . .      Faith    .    (no shield)
rNeg    + . .      Spirit   .    m - +0 chain mail
rPois   .          Reflect  .    c - +0 helmet
rElec   .          Rampage  .    (no cloak)
rCorr   .                        (no gloves)
Will    .....                    (no boots) Stlth
                                 (no amulet)
HPRegen 0.26/turn                j - +4 ring of protection
MPRegen 0.09/turn                e - ring of positive energy

@: no status effects
A: repulsion field 2, foul stench 1
a: no special abilities


You were on level 3 of the Dungeon.
You visited 1 branch of the dungeon, and saw 3 of its levels.

You collected 264 gold pieces.

Inventory:

Hand Weapons
 a - a +0 long sword (weapon)
 u - a +2 dagger of venom
 v - the +8 mace of Righteous Fury {freeze, rPois rN+}
   (You found it on level 3 of the Dungeon)

   rPois:     It protects you from poison.
   rN:        It protects you from negative energy.
Missiles
 b - a javelin
 d - 3 throwing nets
 f - 3 poisoned darts (quivered)
 o - 27 stones
Armour
 c - a +0 helmet (worn)
 m - a +0 chain mail (worn)
Jewellery
 e - a ring of positive energy (right hand)
 i - an amulet of magic regeneration
 j - a +4 ring of protection (left hand)
Wands
 x - a wand of paralysis (4)
Scrolls
 y - a scroll of poison {unknown}
Potions
 g - a potion of mutation
 h - a potion of resistance {unknown}
 k - a potion of haste
 l - a potion of attraction {unknown}
 n - a potion of lignification {unknown}
 q - a potion of brilliance
 r - a potion of might {unknown}
 s - a potion of flight {unknown}
 t - a potion of heal wounds {unknown}
 w - a potion of cancellation {unknown}


   Skills:
 - Level 2.0 Fighting
 * Level 4.8 Long Blades
 - Level 1.7 Throwing
 + Level 1.7 Armour
 - Level 2.6 Dodging
 - Level 1.0 Stealth
 - Level 1.0 Evocations


You had 4 spell levels left.
You didn't know any spells.
Your spell library was empty.

Dungeon Overview and Level Annotations

Branches:
Dungeon (3/15)

Altars:

Annotations:
D:3 1 runed translucent door, Crazy Yiuf


Innate Abilities, Weirdness & Mutations

You are surrounded by a moderate repulsion field. (EV +3)
You may rarely emit foul miasma when damaged in melee.


Message History

You kill the orc!
The orc priest mumbles some strange prayers to Beogh against you.
Pain shoots through your body! The orc priest barely misses you.
You see here a +0 club.
You hit the orc priest.
The orc priest is lightly wounded.
The orc priest invokes the aid of Beogh against you.
Beogh smites you!
You hit the orc priest.
The orc priest is moderately wounded.
The orc priest hits you but does no damage.
You hit the orc priest.
The orc priest is severely wounded.
The orc priest hits you but does no damage.
You hit the orc priest.
The orc priest is almost dead.
The orc priest mumbles some strange prayers to Beogh against you.
You barely resist. You barely miss the orc priest.
The orc priest is almost dead.
The orc priest calls down the wrath of Beogh upon you.
Beogh smites you!
* * * LOW HITPOINT WARNING * * *
The orc priest hits you but does no damage.
You barely miss the orc priest.
The orc priest is almost dead.
The orc priest hits you but does no damage.
You feel better. The orc priest closely misses you.
You barely miss the orc priest.
The orc priest is almost dead.
The orc priest miscasts a cantrip.
You barely miss the orc priest.
The orc priest is almost dead.
The orc priest hits you with a +0 dagger.
You barely miss the orc priest.
The orc priest is almost dead.
The orc priest invokes the aid of Beogh against you.
Beogh smites you!
You die...

.........................
..##.#........##.).######
..# #........##...# #.#
#........##...# #.#
###+#.........#
.........#.#..##.#.#####
#..#...................#
.............)..).......
#..........##.##@#.####
#..#..........##o# # #
.####...######o. # .#
#... #.#. ... #.### #.# #
..# ...


You could see an orc priest and an orc.

Vanquished Creatures
  Jessica (D:2)
  Ijyb (D:3)
  Terence (D:2)
  Robin (D:2)
  2 adders (D:3)
  5 orcs (D:3)
  6 endoplasms
  A giant cockroach (D:1)
  8 hobgoblins
  7 jackals (D:1)
  3 kobolds
  2 quokkas
  2 ball pythons (D:2)
  5 bats
  3 frilled lizards
  15 goblins
  5 rats
68 creatures vanquished.

Vanquished Creatures (others)
  3 toadstools (D:2)
3 creatures vanquished.

Grand Total: 71 creatures vanquished

Notes
Turn   | Place    | Note
-------+----------+-------------------------------------------
     0 | D:1      | IdlyInterested the Demonspawn Gladiator began the quest for
                  | the Orb.
     0 | D:1      | Reached XP level 1. HP: 16/16 MP: 1/1
   110 | D:1      | Reached skill level 3 in Long Blades
   236 | D:1      | Gained mutation: You are surrounded by a mild repulsion
                  | field. (EV +2) [demonic ancestry]
   236 | D:1      | Reached XP level 2. HP: 21/22 MP: 2/2
   407 | D:1      | Reached skill level 1 in Armour
   918 | D:2      | Noticed Terence
   921 | D:2      | Gained mutation: You may rarely emit foul miasma when
                  | damaged in melee. [demonic ancestry]
   921 | D:2      | Reached XP level 3. HP: 24/27 MP: 3/3
   930 | D:2      | Killed Terence
   931 | D:2      | Reached skill level 1 in Stealth
  1083 | D:2      | Reached skill level 4 in Long Blades
  1313 | D:2      | Noticed Jessica
  1319 | D:2      | Killed Jessica
  1320 | D:2      | Gained mutation: You are surrounded by a moderate repulsion
                  | field. (EV +3) [demonic ancestry]
  1320 | D:2      | Reached XP level 4. HP: 33/33 MP: 4/4
  1493 | D:2      | Noticed Robin
  1500 | D:2      | Reached skill level 1 in Evocations
  1515 | D:2      | Killed Robin
  1801 | D:3      | Identified the +8 mace of Righteous Fury {freeze, rPois
                  | rN+}
  1942 | D:3      | Noticed Ijyb
  1948 | D:3      | Killed Ijyb
  1949 | D:3      | Reached XP level 5. HP: 38/38 MP: 5/5
  2325 | D:3      | Found a runed translucent door.
  2326 | D:3      | Noticed Crazy Yiuf
  2423 | D:3      | Killed from afar by an orc priest

Illustrated notes

Levels and vault maps discovered:
D:1:      saegor_arrival_simple_d, layout_basic,
          hangedman_decor_clover_reticule, st_stairs_12, serial_bayou_pond_e
D:2:      layout_loops_ring, minmay_gold_behind_fungi,
          dreamdust_princess_corridor, uniq_terence, uniq_robin, uniq_jessica
D:3:      layout_basic, uniq_ijyb, uniq_crazy_yiuf_cottage

Skill      XL: |  1  2  3  4 |
---------------+-------------+-----
Long Blades    | 3 4 |  4.8
Armour         | 1 |  1.7
Stealth        | 1 |  1.0
Evocations     | 1 |  1.0
Fighting       | |  2.0
Throwing       | |  1.7
Dodging        | |  2.6

Action                     |  1- 3 |  4- 6 || total
---------------------------+-------+-------++-------
  Melee: Long sword        |   126 |    98 ||   224
         Punch             |     1 |     1 ||     2
  Throw: Javelin           |       |     1 ||     1
    Use: Scroll            |     5 |     2 ||     7
         Potion            |     1 |     2 ||     3
   Stab: Sleeping          |     1 |       ||     1
 Armour: Leather armour    |    24 |       ||    24
         Chain mail        |    37 |    59 ||    96
  Dodge: Dodged            |    92 |    63 ||   155

Table legend: (Time is in decaauts)
 A = Elapsed time spent in this place.
 B = Non-inter-level travel time spent in this place.
 C = Inter-level travel time spent in this place.
 D = Time resting spent in this place.
 E = Time spent auto-exploring this place.
 F = Levels seen in this place.
 G = Mean time per level.
                   A        B        C        D        E       F      G
               +--------+--------+--------+--------+--------+-----+--------+
         Total |   2469 |   2183 |    286 |    138 |   1302 |   3 |  823.0 |
       Dungeon |   2469 |   2183 |    286 |    138 |   1302 |   3 |  823.0 |
               +--------+--------+--------+--------+--------+-----+--------+

Top non-repeatable levels by time:
     D:1: 977 daAuts
     D:2: 955 daAuts
     D:3: 537 daAuts
